 Dungeon Crawl Stone Soup version 0.25-a0-665-ga69d64035b (webtiles) character file.

Game seed: 4864017018466346495, levelgen mode: deterministic

1549 ReteAZ the Ruffian (level 8, 0/70 HPs)
             Began as a Ghoul Fighter on Mar 26, 2020.
             Was a Believer of Makhleb.
             Slain by a wight
             ... wielding a +1 dire flail of freezing
              (1 damage)
             ... on level 6 of the Dungeon.
             The game lasted 00:08:22 (6421 turns).

ReteAZ the Ruffian (Ghoul Fighter)                  Turns: 6421, Time: 00:08:22

Health: 0/70       AC: -3    Str: 20    XL:     8   Next: 87%
Magic:  7/7        EV:  7    Int:  5    God:    Makhleb [**....]
Gold:   268        SH:  9    Dex:  8    Spells: 7/7 levels left

rFire    . . .     SeeInvis .     - Unarmed
rCold    + . .     Gourm    .   b - +0 kite shield
rNeg     + + +     Faith    .   a - +0 scale mail
rPois    ∞         Spirit   .   (no helmet)
rElec    .         Reflect  .   p - scarf {cloud immunity}
rCorr    .         Harm     .   (no gloves)
MR       .....                  n - +0 pair of boots
Stlth    ..........             (no amulet)
HPRegen  0.00/turn              (no ring)
MPRegen  0.10/turn              (no ring)

@: corroded, rotting
A: rotting body, claws 1, carnivore, cold resistance 1, negative energy
resistance 3, inhibited regeneration, torment resistance, unbreathing
a: Minor Destruction, Renounce Religion


You were on level 6 of the Dungeon.
You worshipped Makhleb.
Makhleb was pleased with you.
You were not hungry.

You visited 2 branches of the dungeon, and saw 7 of its levels.
You also visited: Ossuary.

You collected 268 gold pieces.

Inventory:

Hand Weapons
 h - a +2 whip of venom
Missiles
 m - 3 silver boomerangs (quivered)
Armour
 a - a +0 scale mail (worn)
 b - a +0 kite shield (worn)
 n - a +0 pair of boots (worn)
 p - a scarf of cloud immunity (worn)
Jewellery
 L - an uncursed ring of magical power {unknown}
Wands
 f - a wand of paralysis (6)
 r - a wand of random effects (13)
 A - a wand of disintegration (20)
 D - a wand of polymorph (7)
 F - a wand of flame (29)
 J - a wand of digging (6)
Scrolls
 e - 2 scrolls of magic mapping {unknown}
 g - 10 scrolls of identify
 o - 2 scrolls of remove curse
 u - a scroll of enchant weapon {unknown}
 v - a scroll of noise {unknown}
 w - 3 scrolls of random uselessness {unknown}
 x - a scroll of fog {unknown}
 y - 5 scrolls of fear
 z - a scroll of enchant armour {unknown}
 C - 3 scrolls of teleportation
 H - a scroll of vulnerability {unknown}
 I - a scroll of torment {unknown}
Potions
 c - 2 potions of might
 i - a potion of magic
 j - 5 potions of heal wounds
 k - 3 potions of degeneration {unknown}
 l - 3 potions of stabbing {unknown}
 q - a potion of resistance {unknown}
 s - a potion of cancellation {unknown}
 t - a potion of lignification {unknown}
 B - 6 potions of curing {unknown}
 E - a potion of haste {unknown}
 G - a potion of berserk rage {unknown}
Comestibles
 d - 8 rations
 K - a chunk of flesh


   Skills:
 + Level 6.2 Fighting
 + Level 5.1 Armour
 + Level 5.1 Shields
 * Level 7.8 Unarmed Combat


You had 7 spell levels left.
You didn't know any spells.
Your spell library was empty.

Dungeon Overview and Level Annotations

Branches:
Dungeon (6/15)             Temple (1/1) D:4         Ossuary (visited)

Altars:
Cheibriados
Dithmenos
Elyvilon
Fedhas
Kikubaaqudgha
Makhleb
Okawaru
Ru
Sif Muna
Trog
Uskayaw
Vehumet
Wu Jian
Yredelemnul
Zin

Shops:
D:4 *


Innate Abilities, Weirdness & Mutations

Your body is rotting away.
You thrive on raw meat.
You are immune to poison.
You have sharp fingernails.
You are carnivorous and can eat meat at any time.
Your flesh is cold resistant. (rC+)
You are immune to negative energy. (rN+++)
You do not regenerate when monsters are visible.
You are immune to unholy pain and torment.
You can survive without breathing.


Message History

The wight freezes you.
* * * LOW HITPOINT WARNING * * *
You scratch the wight.
The wight is heavily damaged.
The wight barely misses you.
You closely miss the wight.
The wight is heavily damaged.
You block the wight's attack.
You scratch the wight but do no damage.
The wight is heavily damaged.
The wight hits you with a +1 dire flail of freezing.
* * * LOW HITPOINT WARNING * * *
The wight freezes you.
* * * LOW HITPOINT WARNING * * *
You scratch the wight.
The wight is heavily damaged.
The wight hits you with a +1 dire flail of freezing!
* * * LOW HITPOINT WARNING * * *
The wight freezes you.
You die...

.# ##....#######.#
.###.....## #.#
.##.......# #.#
.##.......# #.#
..........# #.#
...#.....## #.#
..###....#######.#
.## ####.........#
.# ####...)@# .#
#..##z# +# #...
... #... .#... ...
......# .#...
....# .#. ##..#
... ...


You could see a wight.

Vanquished Creatures
  A water moccasin (D:6)
  A centaur (D:5)
  3 phantoms
  2 howler monkeys
  A wight (D:6)
  4 centaur zombies (Ossuary)
  A crimson imp (D:6)
  A bullfrog zombie (Ossuary)
  A hound (D:6)
  2 orc priests (D:4)
  A centaur skeleton (D:4)
  2 orc wizards
  A worker ant (D:3)
  3 killer bee zombies (Ossuary)
  4 hound zombies (Ossuary)
  11 mummies (Ossuary)
  A howler monkey zombie (Ossuary)
  4 worker ant zombies
  A howler monkey skeleton (D:5)
  4 adders
  5 adder zombies (Ossuary)
  2 worms
  2 dart slugs
  3 leopard geckos
  20 orcs
  2 ball pythons
  6 bats
  5 giant cockroaches
  7 goblins
  9 hobgoblins
  17 jackals
  2 quokkas (D:5)
  4 frilled lizards
  A giant cockroach zombie (D:5)
  10 kobolds
  A quokka zombie (Ossuary)
  10 rats
155 creatures vanquished.

Vanquished Creatures (others)
  2 withered plants (Ossuary)
2 creatures vanquished.

Grand Total: 157 creatures vanquished

Notes
Turn   | Place    | Note
-------+----------+-------------------------------------------
     0 | D:1      | ReteAZ the Ghoul Fighter began the quest for the Orb.
     0 | D:1      | Reached XP level 1. HP: 19/19 MP: 0/0
    75 | D:1      | You fall into a shaft and drop 1 floor!
   114 | D:1      | Reached XP level 2. HP: 24/26 MP: 1/1
   874 | D:1      | Reached XP level 3. HP: 30/31 MP: 2/2
  1042 | D:2      | Reached skill level 3 in Unarmed Combat
  1282 | D:2      | Reached XP level 4. HP: 40/40 MP: 3/3
  2271 | D:3      | Found a faded altar of an unknown god.
  2593 | D:4      | Found Giwkoel's Mass Market.
  2609 | D:4      | Reached skill level 4 in Unarmed Combat
  2609 | D:4      | Reached XP level 5. HP: 18/46 MP: 4/4
  2921 | D:4      | Reached XP level 6. HP: 7/53 MP: 5/5
  3074 | D:4      | Noticed a phantom
  3113 | D:4      | Killed a phantom
  3157 | D:4      | Found a staircase to the Ecumenical Temple.
  3166 | Temple   | Entered the Ecumenical Temple
  3192 | Temple   | Became a worshipper of Makhleb the Destroyer
  3236 | D:4      | Reached skill level 5 in Unarmed Combat
  4282 | D:5      | Entered Level 5 of the Dungeon
  4595 | D:5      | Reached XP level 7. HP: 43/60 MP: 6/6
  4934 | D:5      | Reached * piety under Makhleb
  5174 | D:6      | Reached skill level 5 in Fighting
  5233 | D:6      | Found a sand-covered staircase.
  5239 | Ossuary  | Entered an ossuary
  5343 | Ossuary  | Reached skill level 6 in Unarmed Combat
  5516 | Ossuary  | Reached XP level 8. HP: 60/67 MP: 7/7
  5963 | Ossuary  | Reached skill level 7 in Unarmed Combat
  6150 | D:6      | Found a basalt altar of Yredelemnul.
  6188 | D:6      | Found a sacrificial altar of Ru.
  6267 | D:6      | Reached skill level 5 in Armour
  6267 | D:6      | Reached skill level 5 in Shields
  6301 | D:6      | Reached ** piety under Makhleb
  6410 | D:6      | HP: 2/70 [wight/cursed +4 falchion of freezing (6)]
  6421 | D:6      | HP: 1/70 [wight/+1 dire flail of freezing (13)]
  6421 | D:6      | Slain by a wight

Levels and vault maps discovered:
D:1:      dpeg_chamrin_arrival_tetris, layout_loops_corners, minmay_tromino_v4_b
D:2:      layout_basic
D:3:      layout_basic, chequers_ecumenical_altar_simple_redux, first_ration
D:4:      layout_layer_cave, minmay_temple_entry_large_hall, minmay_shop_mass
D:5:      layout_loops_corners
D:6:      layout_loops_corners, grunt_temple_overflow_open, enter_ossuary_5,
          basic_altar, nicolae_ru_awakened_eye
Temple:   minmay_freezing_vapour_temple

Skill      XL: |  1  2  3  4  5  6  7  8 |
---------------+-------------------------+-----
Shields        | 3 4 5 |  5.1
Unarmed Combat | 3 4 5 6 7 |  7.8
Armour         | 3 4 5 |  5.1
Fighting       | 4 5 6 |  6.2

Action                   |  1- 3 |  4- 6 |  7- 9 || total
-------------------------+-------+-------+-------++-------
Melee: Unarmed           |    28 |    21 |   249 ||   298
       Whip              |    84 |   216 |    62 ||   362
Evoke: Wand              |       |       |     1 ||     1
  Use: Scroll            |       |     5 |     1 ||     6
       Potion            |       |       |     2 ||     2
  Eat: Chunk             |     7 |    22 |     8 ||    37
Armor: Scale mail        |    47 |    41 |    95 ||   183
       Ring mail         |       |    32 |       ||    32
Dodge: Dodged            |    31 |    75 |    58 ||   164
Block: Kite shield       |    55 |    90 |   122 ||   267

Table legend:
 A = Non-vault XP
 B = Vault XP
 C = Vault XP percentage of total XP
 D = Non-vault monster count
 E = Vault monster count
 F = Vault count percentage of total count
                 A         B        C        D         E       F
            +---------+---------+-------+---------+---------+-------
      Total |    1406 |     807 |  36.5 |     120 |      35 |  22.6
            +---------+---------+-------+---------+---------+-------
        D:1 |      32 |       3 |   8.6 |      19 |       2 |   9.5
        D:2 |      76 |       0 |   0.0 |      27 |       0 |   0.0
        D:3 |      88 |       0 |   0.0 |      26 |       0 |   0.0
        D:4 |     351 |       0 |   0.0 |      20 |       0 |   0.0
        D:5 |     266 |       0 |   0.0 |      17 |       0 |   0.0
        D:6 |     593 |       0 |   0.0 |      11 |       0 |   0.0
    Ossuary |       0 |     804 | 100.0 |       0 |      33 | 100.0
            +---------+---------+-------+---------+---------+-------
